Cogmind - Beta 16 @@@ ROGUE MODE // 2025.12.05 @ 01:57:01 Player: Red Box Result: Destroyed by D-53 Grenadier with Mini Grenade Launcher Performance ------------- Evolutions (0) 0 Regions Visited (2) 400 Robots Destroyed (21) 105 Value Destroyed (296) 296 Prototype IDs (2) 40 Alien Tech Used (0) 0 Bonus (0) 0 TOTAL SCORE: 841 Bonus ------- None Cogmind --------- Core Integrity 0/250 Matter 300/300 Energy 100/100 System Corruption 0% Temperature Cool (0) Movement Walking (120) Location -10/Mines Parts ------- > --- POWER (1) -------- (None) > --- PROPULSION (2) --- Aluminum Leg > --- UTILITY (2) ------ Medium Storage Unit > --- WEAPON (2) ------- (None) > --- INVENTORY (10) --- Light Treads Light Treads Compact Wheel Large Matter Pod (150) Light Cannon Light Cannon Light Cannon Grenade Launcher Datajack Makeshift Spear Peak State ------------ > --- POWER ------------ Ion Engine > --- PROPULSION ------- Aluminum Leg Aluminum Leg > --- UTILITY ---------- Small Storage Unit Improved Terrain Scanner > --- WEAPON ----------- Assault Rifle Assault Rifle > --- INVENTORY -------- Light Treads Light Treads Compact Wheel Improved Heat Sink Large Matter Pod Beam Cannon Assault Rifle Mining Laser [Rating: 10] Favorites ----------- Power Ion Engine Engine Ion Engine Propulsion Aluminum Leg Leg Aluminum Leg Utility Medium Storage Unit Device Improved Terrain Scanner Storage Medium Storage Unit Weapon Assault Rifle Energy Cannon Beam Cannon Ballistic Gun Assault Rifle Special Weapon Mining Laser Impact Weapon Hammer Special Melee Weapon Datajack Build | -11 -10 -10 ------- Run | Yrd Mat Min Slots Evolved . | . . . Power . | . . . Propulsion . | . . . Utility . | . . . Weapon . | . . . Parts Attached 21 | 8 13 . Power 4 | 2 2 . Engine 4 | 2 2 . Core . | . . . Reactor . | . . . Propulsion 5 | 2 3 . Treads . | . . . Leg 5 | 2 3 . Wheel . | . . . Hover . | . . . Flight . | . . . Utility 4 | 2 2 . Device 2 | 1 1 . Storage 2 | 1 1 . Processor . | . . . Hackware . | . . . Protection . | . . . Artifact . | . . . Weapon 8 | 2 6 . Energy Gun . | . . . Energy Cannon 2 | . 2 . Ballistic Gun 3 | 2 1 . Ballistic Cannon . | . . . Launcher . | . . . Special Weapon 1 | . 1 . Impact Weapon 1 | . 1 . Slashing Weapon . | . . . Piercing Weapon . | . . . Special Melee Weapon 1 | . 1 . Unidentified Prototypes . | . . . Parts Lost 6 | . 1 5 Power 2 | . 1 1 Propulsion 1 | . . 1 Utility 1 | . . 1 Weapon 2 | . . 2 Highest Loss Streak 5 | . 1 5 To Critical Strikes . | . . . Average Backups 9 | 5 9 10 Power . | . . . Propulsion 3 | 3 3 3 Utility 1 | . 1 1 Weapon 3 | . 3 5 Tool/Special . | . . . Unused Backups 10 | . 1 9 Power . | . . . Propulsion 4 | . 1 3 Utility 1 | . . 1 Weapon 5 | . . 5 Tool/Special . | . . . Average Slot Usage (%) 99 | . 99 98 Engine 13 | . 13 14 Leg 27 | . 28 27 Device 13 | . 13 13 Storage 14 | . 14 14 Energy Cannon 13 | . 11 27 Ballistic Gun 12 | . 15 . Peak Build Rating 10 | 9 10 10 Average Rating 9 | 6 9 9 On Entrance 6 | . 9 10 Avg Prop Armor Cover (%) . | . . . Naked Turns . | . . . Heaviest Build 22 | 14 22 22 Greatest Support 20 | 20 20 20 Greatest Overweight (x) 2 | 2 1 2 Average Overweight (x) . | . . 1 Largest Inventory Capacity 10 | 8 10 10 Average Capacity 9 | 7 9 10 Most Carried 10 | 7 10 10 Average Carried 9 | 5 9 9 Final Capacity 10 | 8 10 10 Final Carried 10 | 7 10 10 Class Distribution -------------------- 55% | Mutant 44% | Scavenger-Mutant Dominant Class ---------------- Mutant | -10/Materials Scavenger-Mutant | -10/Mines Resources | -11 -10 -10 ----------- Run | Yrd Mat Min Matter Collected 886 | 321 565 . Remotely . | . . . Salvage Created 647 | 153 494 . Parts 41 | 11 30 . Haulers Intercepted 2 | . 2 . Recyclers Shooed 1 | 1 . . Parts Field Recycled . | . . . Retrieved Matter . | . . . Parts Self-Destructed . | . . . Prevented . | . . . Parts Restored . | . . . Kills | -11 -10 -10 ------- Run | Yrd Mat Min Combat Hostiles Destroyed 10 | . 10 . Guns 10 | . 10 . Classes Destroyed 7 | 2 5 . Worker 1 | . 1 . Tunneler 4 | 3 1 . Hauler 2 | . 2 . Recycler 1 | 1 . . Watcher 3 | . 3 . Swarmer 6 | . 6 . Grunt 4 | . 4 . Best Kill Streak 3 | 3 3 . Combat Bots Only 3 | . 3 . Max Kills in Single Turn 1 | 1 1 . Gunslinging . | . . . Exploded . | . . . Melee . | . . . Uniques/NPCs Destroyed . | . . . Combat | -11 -10 -10 -------- Run | Yrd Mat Min Hostile Shots Fired 56 | . 38 18 Missed 13 | . 10 3 Hits 43 | . 28 15 Projectile 43 | . 28 15 AOE 17 | . . 17 Critical Strikes 1 | . 1 . Damage Taken 1051 | . 328 723 Core 259 | . 34 225 Absorbed by Shields . | . . . Regen/Repaired (Parts) 17 | . 17 . Core Remaining (%) 100 | 100 . . Volleys Fired 58 | 9 49 . Largest 2 | 2 2 . Hottest 120 | 40 120 . Shots Fired 111 | 18 93 . Gun 92 | 18 74 . Cannon 14 | . 14 . Launcher . | . . . Special 5 | . 5 . Kinetic 92 | 18 74 . Thermal 19 | . 19 . Explosive . | . . . Electromagnetic . | . . . Robot Hit Streak 9 | 4 9 . Robot Miss Streak 5 | 2 5 . Penetration Max . | . . . Secondary Targets . | . . . Shots Hit Robots 64 | 11 53 . Core Hits 27 | 5 22 . Critical Kills . | . . . Critical Parts Destroyed . | . . . Critical Strikes . | . . . Melee Attacks 3 | . 3 . Impact 1 | . 1 . Slashing . | . . . Piercing . | . . . Sneak Attacks 2 | . 2 . Combat Hostiles . | . . . Follow-up Attacks . | . . . Damage Inflicted 881 | 130 751 . Guns 754 | 130 624 . Cannons 127 | . 127 . Explosions . | . . . Melee . | . . . Ramming . | . . . Kinetic 754 | 130 624 . Thermal 127 | . 127 . Explosive . | . . . Electromagnetic . | . . . Impact . | . . . Slashing . | . . . Piercing . | . . . Highest Corruption . | . . . Average Corruption . | . . . Corruption Purged . | . . . Corruption Blocked . | . . . Overload Shots . | . . . Overflow Damage 6 | . 6 . Projectiles 6 | . 6 . Explosions . | . . . Melee . | . . . Knockbacks . | . . . Impact . | . . . Kinetic . | . . . Secondary . | . . . Self-Inflicted Damage . | . . . Shots . | . . . Rammed . | . . . Targets Rammed . | . . . Kicked . | . . . Crushed . | . . . Highest Temperature 40 | . 40 . Average Temperature 15 | . 15 . Received Heat Transfer 105 | . 105 . Siege Activations . | . . . Martial Activations . | . . . Shielding Activations . | . . . Robots Disrupted . | . . . Combat Hostiles . | . . . Robots Corrupted . | . . . Combat Hostiles . | . . . Parts Fried . | . . . Impact Corruptions . | . . . Robots Melted . | . . . Combat Hostiles . | . . . Parts Melted . | . . . Heat Transferred 259 | . 259 . Parts Sabotaged . | . . . Parts Stolen . | . . . Parts Stripped . | . . . Power Chain Reactions . | . . . Alert | -11 -10 -10 ------- Run | Yrd Mat Min Maximum Alert Level . | . . . Low Security (%) 100 | 100 100 100 Level 1 . | . . . Level 2 . | . . . Level 3 . | . . . Level 4 . | . . . Level 5 . | . . . High Security . | . . . Max Security . | . . . Peak Influence 143 | 5 143 19 Initial 19 | . . 19 Average 22 | 1 27 1 Influence Increases 463 | 20 443 . Destroy 0b10 Robot/C 200 | . 200 . Destroy 0b10 Robot/NC 55 | 20 35 . Destroy Leader 40 | . 40 . Trap Triggered on 0b10 10 | . 10 . Successful Hack 46 | . 46 . Select Force Hacks 60 | . 60 . Destroy Structure 7 | . 7 . Lose Combat Pursuer 45 | . 45 . Influence Decreases 463 | 20 391 52 Entered New Map 33 | . . 33 Time Decay 430 | 20 391 19 Squads Dispatched 3 | . 3 . Investigation 3 | . 3 . Extermination . | . . . Reinforcement . | . . . Assault . | . . . Garrison . | . . . Intercept . | . . . Searches Triggered . | . . . Construction Impeded . | . . . Haulers Reinforced . | . . . Active Scanning Responses . | . . . Cargo Convoy Interrupts . | . . . Stealth | -11 -10 -10 --------- Run | Yrd Mat Min Distress Signals . | . . . Communications Jammed . | . . . Distress Signals . | . . . Times Spotted 20 | . 17 3 Peak Tracking Total 3 | . 3 2 Tactical Retreats 2 | . 2 . Traps | -11 -10 -10 ------- Run | Yrd Mat Min Traps Triggered . | . . . Indirectly . | . . . Trap Hack Attempts 132 | . 132 . Triggered 1 | . 1 . Disarmed 1 | . 1 . Reprogrammed 9 | . 9 . Reused 1 | . 1 . Traps Extracted . | . . . Installed . | . . . Triggered 1 | . 1 . Machines | -11 -10 -10 ---------- Run | Yrd Mat Min Machines Disabled . | . . . Max in Single Turn . | . . . Machines Repaired . | . . . Machines Dismantled . | . . . Machines Sabotaged . | . . . Overloaded Fab Kills . | . . . Hacking | -11 -10 -10 --------- Run | Yrd Mat Min Machines Accessed 11 | . 11 . Terminals 8 | . 8 . Fabricators . | . . . Repair Stations 1 | . 1 . Recycling Units 2 | . 2 . Scanalyzers . | . . . Garrison Access . | . . . Total Hacks 45 | . 45 . Successful 33 | . 33 . Failed 12 | . 12 . Catastrophic . | . . . Database Lockouts . | . . . Manual 35 | . 35 . Terminals 32 | . 32 . Fabricators . | . . . Repair Stations 2 | . 2 . Recycling Units 11 | . 11 . Scanalyzers . | . . . Garrison Access . | . . . Terminal Hacks 11 | . 11 . Robot Analysis 8 | . 8 . Prototype ID Bank 1 | . 1 . Terminal Index 1 | . 1 . Locate Traps 1 | . 1 . Fabricator Hacks . | . . . Repair Station Hacks 2 | . 2 . Scan Component 1 | . 1 . Repair 1 | . 1 . Recycling Unit Hacks 2 | . 2 . Retrieve Components 2 | . 2 . Scanalyzer . | . . . Garrison Access Hacks . | . . . Unauthorized Hacks 18 | . 18 . Terminals 12 | . 12 . Track 2 | . 2 . Assimilate 2 | . 2 . Botnet 2 | . 2 . Operators 1 | . 1 . Skim 5 | . 5 . Fabricators . | . . . Repair Stations . | . . . Recycling Units 6 | . 6 . Monitor 1 | . 1 . Reject 1 | . 1 . Recyclers 1 | . 1 . Mask 1 | . 1 . Tunnel 2 | . 2 . Scanalyzers . | . . . Garrison Access . | . . . Data Cores Recovered . | . . . Used . | . . . Hacking Detections 10 | . 10 . Full Trace Events 2 | . 2 . Feedback Events . | . . . Feedback Blocked . | . . . Robot Schematics Acquired . | . . . Robots Built . | . . . Authchips . | . . . Time . | . . . Total Robot Build Rating . | . . . Part Schematics Acquired . | . . . Parts Built . | . . . Authchips . | . . . Time . | . . . Total Part Build Rating . | . . . Part Studies Acquired . | . . . Parts Repaired 1 | . 1 . Time 38 | . 38 . Parts Recycled . | . . . Recycled Matter . | . . . Retrieved Matter . | . . . Retrieved Components 5 | . 5 . Parts Scanalyzed . | . . . Part Schematics Acquired . | . . . Parts Damaged . | . . . Bothacking | -11 -10 -10 ------------ Run | Yrd Mat Min Used RIF Installer . | . . . Robots Hacked . | . . . Non-combat . | . . . Combat . | . . . Robot Hacks Applied . | . . . Relay Couplers Released . | . . . Fabnet Peak Effective % . | . . . Robots Rewired . | . . . Allies Hacked . | . . . Hacks Repelled . | . . . Allies | -11 -10 -10 -------- Run | Yrd Mat Min Total Allies 1 | . 1 . Largest Group 1 | . 1 1 Highest-Rated Group 10 | . 10 10 Highest-Rated Ally 10 | . 10 10 Total Orders 4 | . 3 1 STAY 3 | . 2 1 FOLLOW 1 | . 1 . Ally Attacks . | . . . Total Damage . | . . . Kills . | . . . Allies Corrupted . | . . . Allies Melted . | . . . Intel | -11 -10 -10 ------- Run | Yrd Mat Min Active Infowar (turns) 1409 | 75 1334 . Terrain 1409 | 75 1334 . Robot Analysis Total 8 | . 8 . Derelict Logs Recovered 2 | . . 2 Drone Launches . | . . . Drone Recoveries . | . . . Exploration | -11 -10 -10 ------------- Run | Yrd Mat Min Turns Passed 2792 | 134 2237 421 Spaces Moved 1674 | 76 1388 210 Core 17 | 17 . . Treads . | . . . Legs 1657 | 59 1388 210 Wheels . | . . . Hover . | . . . Flight . | . . . Fastest Speed 50 | 50 120 190 Average Speed 132 | 116 124 191 Slowest Speed 260 | 190 190 260 Overloaded Moves . | . . . Propulsion Burnouts . | . . . Robots Hopped . | . . . Potential Cave-ins . | . . . Cave-ins Triggered . | . . . Exploration Rate (%) 52 | 6 99 53 Regions Visited 2 Branch Regions 1 Pre-discovered Areas 5 | . 3 2 Known Exits Taken . | . . . Unknown Exits Taken 2 | 1 1 . Scrap Searched . | . . . Spaces Dug 6 | . 6 . Terrain Destroyed 6 | . 6 . Melee 1 | . 1 . Projectile 5 | . 5 . AOE . | . . . Terrain Rammed . | . . . Walls Destroyed . | . . . Machines Disabled . | . . . Actions | -11 -10 -10 --------- Run | Yrd Mat Min Total 2126 | 99 1796 231 Wait 202 | . 183 19 Move 1672 | 75 1387 210 Hop . | . . . Pick Up 20 | 7 12 1 Fast Attach 9 | 7 2 . Attach . | . . . Detach . | . . . Swap 17 | 1 16 . Drop 13 | . 12 1 Fire 58 | 9 49 . Melee 3 | . 3 . Ram . | . . . Kick . | . . . Crush . | . . . Escape Stasis . | . . . Rewire . | . . . Trap 132 | . 132 . Miscellaneous . | . . . Route ------- -11/Scrapyard -10/Materials (discovered 5 exits: *Mat x3 / [*Min] / *Sub) -10/Mines (discovered 2 exits: *Mat x2) History --------- Turn | Location | Event 40 | -11/Scrapyard | Discovered new exit (range 15) 135 | -11/Scrapyard | Entered Materials 145 | -10/Materials | Discovered new exit (range 16) 307 | -10/Materials | Build established: Mutant 424 | -10/Materials | Discovered new exit (range 7) 697 | -10/Materials | Discovered new exit (range 6) 761 | -10/Materials | Identified exit to Materials 761 | -10/Materials | Identified exit to Subcaves 806 | -10/Materials | Learned Storage emergency access door positions 839 | -10/Materials | Learned Storage garrison access intel 870 | -10/Materials | Learned location of Mines (-8) 1683 | -10/Materials | Repaired Imp. Heat Sink 1970 | -10/Materials | Build established: Scavenger-Mutant 2372 | -10/Materials | Entered Mines 2372 | -10/Mines | Accompanied by 1 ally 2373 | -10/Mines | Learned location of Storage (-7) 2409 | -10/Mines | A weapon hastily lodged in a ceiling crevice suddenly fell to the ground 2545 | -10/Mines | Learned location of Zion (-6) 2764 | -10/Mines | Assembled infested the area 2788 | -10/Mines | Core integrity fell below 50% 2793 | -10/Mines | Destroyed by D-53 Grenadier with Mini Grenade Launcher Last Messages --------------- 02774_ K-01 Serf collects debris. 02778_ C-45 Heavy ARC bursts open, deploying its payload. 02778_ D-53 Grenadier unfolds itself. 02778_ T-07 Excavator destroyed. 02778_ K-01 Serf collects debris. 02779_ K-01 Serf destroyed. 02781_ K-01 Serf collects debris. 02783_ K-01 Serf destroyed. 02783_ Aluminum Leg destroyed. 02784_ The unstable cave ceiling collapses. 02785_ Imp. Heat Sink destroyed. 02787_ The unstable cave ceiling collapses. 02789_ Beam Cannon destroyed. 02790_ The unstable cave ceiling collapses. 02791_ U-05 Engineer builds a Wall. 02791_ U-05 Engineer destroyed. 02792_ The unstable cave ceiling collapses. 02792_ R-06 Scavenger collects Structural Scanner. 02793_ Ion Engine destroyed. Map ----- +----------------------------------------------------+ | ????????????????????????????????????????????????? | | #???????????????????????????????????????????????? | | ##?????????????????????????????????????????????? | | ####??????????????????????????????????????????? | | ##?????????????????????# ????????????????? | | ##???????????????????? ????????????????? | | ##??????????????????# ????????????????? | | ##????????????????? ????????????????? | | #????????????????? ????????????????? | | # #????????????????? #????????????????? | | # #?????????????????# ##???????????????? | | ## #?????????????????# ###?????????????? | | #### #????????????????## ?????????????? | | #?## ##?????????????#### ??????????????? | | #?# ##???###?????## ???????????????? | | #?# #### ##?? ?? * #???????????????? | | #?# ## #???#% ##??????????????? | | #?## #???#r # #??????????????? | | ##??# #??## #??????????????? | | ##??## #### #?## ##?????????????? | | #???# #??# ### ##????????????? | | #???# ##??# ##???????????? | | #???# #???##### #### #??????? | | ##### ##?????# ??????? | | # #######??# #??????? | | # ## ##?## ##?# @ ####??????? | | ??### ###?## ## # d ## ##????????? | | # #?## ##### #??# d #? ##???????? | | #??# ##### ## #???????? | | ###??# ## #???????? | | ?????####### ## #### #???????? | | ???????????##### #??## #???????? | | ????????######## ######### #??????? | | ??????# ## #??????? | | ??????# < ### #### #??????? | | ??? """ """ """ #?# ##???? #??????? | | ?? """ """ """ #?## ##??????? ??????? | | ??##### """ """ """ ????###????????????????? | | ??????# ???????????????????????? | | # #???# """ """ """ """????????????????????????? | | #???# "????"" ""????"????????????????????????? | | ###???#????????" "??????????????????????????????? | | ??????????????? ??????????????????????????????? | | ??????????????? ??????????????????????????????? | | ??????????????? ??????????????????????????????? | | ????????????????#???????????????????????????????? | | ????????????????????????????????????????????????? | | | | | | | +----------------------------------------------------+ Best States ------------- Heat Dissipation 39 Energy Generation 10 Energy Capacity 250 Matter Stores 300 Matter Capacity 300 Sight Range 16 Terrain Scan Range 16 Terrain Scan Density 10 Evasion (%) 55 Item Schematics ----------------- None Robot Schematics ------------------ None Fabricated ------------ Nothing Repaired ---------- Imp. Heat Sink | 57% | -10/Materials Studied --------- None Alien Tech Used ----------------- None Achievements -------------- None Challenges ------------ None Game ------ Seed MetafiberDroneFocus Manual? 0 Play Time 00:17:15 Cumulative 772.9 hours Start 2025.12.05 @ 01:41:13 End 2025.12.05 @ 01:57:01 Sessions 1 Manual Loads 0 Difficulty Rogue Special Mode None Game No. 532 Rogue 532 Adventurer 0 Explorer 0 Win Type - Total 1 Types 1/0/0/0/0/0/0/0/0/0 Lore% 76 Gallery% 70 Achievement% 50 Wizard Run 0 Options --------- Layout 1 ASCII 0 Keyboard 0 Movement Mouse Keybinds 0 Fullscreen 1 Font 20/SmallcapsGlow Map View 54x42 Zoom Use 0% Tactical HUD 1 Map Filters NONE Filters NONE Steam 1 RUN: 7fd0151f-14a4-4916-9a9f-30bc0f44efc6